Map: [TLMC15] Berlingrad

Players

SpeCial

  • Race: Terran Terran

MarineLorD - Winner!

  • Race: Terran Terran

Event: DreamHack SC2 Masters 2021 Winter

VOD

Have the link to the VOD?

Description

Time

  • Played on: Nov. 11, 2021, 11:05 a.m.
  • Length: 7:56

All games in this series

Show
View Real Time Build Order
Export as new Build Order

SpeCial Terran 

Build Orders:  

Get SALT Encoding   

  12  0:00  SCV  
  13  0:12  SCV  
  14  0:17  Supply Depot  
  14  0:24  SCV  
  15  0:38  SCV  
  15  0:40  Barracks  
  16  0:43  Refinery  
  16  0:50  SCV  
  16  0:52  Refinery  
  17  1:03  SCV  
  18  1:15  SCV  
  19  1:27  Orbital Command  
  19  1:28  Reaper  
  19  1:30  Supply Depot  
  20  1:42  Factory  
  20  1:52  SCV  
  21  2:00  Reaper  
  22  2:05  SCV  
  23  2:17  SCV  
  23  2:22  Command Center  
  24  2:28  Hellion  
  27  2:30  SCV  
  28  2:39  Starport  
  28  2:40  Barracks Reactor  
  28  2:42  SCV  
  28  2:50  Supply Depot  
  28  2:51  Factory Tech Lab  
  28  2:54  SCV  
  29  3:06  SCV  
  30  3:13  Siege Tank  
  30  3:16  Marine x2  
  30  3:19  Starport Tech Lab  
  34  3:20  SCV  
  35  3:32  SCV  
  35  3:33  Refinery  
  36  3:34  Marine x2  
  36  3:35  Orbital Command  
  35  3:44  SCV  
  33  3:52  Marine x2  
  28  3:56  SCV  
  27  4:04  Raven  
  27  4:08  SCV  
  28  4:10  Marine x2  
  28  4:15  SCV  
  30  4:20  Siege Tank  
  30  4:21  SCV  
  33  4:29  SCV  
  34  4:33  SCV  
  34  4:34  Marine x2  
  37  4:41  SCV  
  37  4:45  SCV  
  33  4:53  SCV  
  33  4:57  SCV  
  35  5:00  Siege Tank  
  35  5:05  SCV  
  39  5:09  SCV, Viking  
  39  5:11  Marine  
  43  5:17  SCV  
  43  5:19  Liberator  
  47  5:21  SCV  
  47  5:26  Supply Depot  
  48  5:29  SCV, Marine  
  50  5:36  Siege Tank  
  53  5:43  SCV  
  53  5:47  Marine  
  53  5:48  SCV  
  56  5:53  Supply Depot  
  56  5:55  SCV  
  57  6:00  SCV  
  57  6:02  Viking  
  60  6:05  Marine  
  60  6:07  SCV  
  57  6:11  Viking  
  57  6:16  SCV  
  52  6:19  SCV  
  52  6:23  Marine  
  54  6:27  Siege Tank  
  54  6:29  SCV  
  58  6:36  SCV  
  59  6:41  SCV, Marine  
  59  6:43  Viking  
  63  6:50  Viking  
  63  6:53  SCV  
  66  6:57  SCV  
  66  6:59  Marine  
  68  7:05  SCV  
  62  7:09  SCV  
  62  7:12  Siege Tank  
  66  7:16  Marine  
  66  7:17  SCV  
  66  7:21  SCV  
  66  7:22  Supply Depot  
  69  7:29  SCV  
  70  7:41  Supply Depot  
Show
View Real Time Build Order
Export as new Build Order

MarineLorD Terran - Winner!

Build Orders:  

Get SALT Encoding   

  12  0:00  SCV  
  13  0:12  SCV  
  14  0:17  Supply Depot  
  14  0:24  SCV  
  15  0:38  SCV  
  15  0:39  Barracks  
  16  0:42  Refinery  
  16  0:50  SCV  
  16  0:54  Refinery  
  17  1:02  SCV  
  18  1:15  SCV  
  19  1:26  Reaper  
  19  1:27  Orbital Command  
  19  1:29  Supply Depot  
  20  1:43  Factory  
  20  1:53  SCV  
  21  2:04  Barracks Reactor  
  21  2:05  SCV  
  22  2:17  SCV  
  22  2:18  Command Center  
  23  2:29  Hellion, SCV  
  26  2:39  Supply Depot  
  26  2:40  Reaper x2  
  26  2:42  SCV  
  29  2:50  Hellion  
  31  2:58  Starport  
  31  3:00  SCV  
  32  3:12  SCV  
  32  3:13  Reaper x2  
  34  3:25  SCV  
  37  3:27  Hellion  
  37  3:31  Refinery  
  37  3:37  SCV  
  38  3:43  Orbital Command  
  38  3:45  Marine x2  
  36  3:52  Factory Tech Lab  
  36  3:53  Starport Tech Lab  
  36  3:54  SCV  
  34  4:02  Marine  
  34  4:03  Marine  
  34  4:06  SCV  
  37  4:11  Raven  
  37  4:13  SCV  
  37  4:16  Siege Tank  
  43  4:19  SCV  
  43  4:20  Marine x2  
  44  4:25  SCV  
  44  4:27  Supply Depot  
  45  4:31  SCV  
  45  4:37  SCV  
  47  4:38  Marine x2  
  47  4:44  SCV  
  48  4:48  Cyclone  
  48  4:50  SCV  
  52  4:54  Raven  
  52  4:56  SCV, Marine x2  
  52  4:59  Supply Depot  
  55  5:02  SCV  
  56  5:08  SCV  
  57  5:14  SCV  
  57  5:19  Marine x2  
  57  5:20  SCV, Command Center  
  61  5:22  Siege Tank  
  61  5:26  SCV  
  61  5:28  Refinery  
  65  5:32  SCV  
  66  5:38  SCV  
  66  5:48  SCV  
  65  5:53  SCV  
  65  5:56  Viking x2  
  70  6:03  Supply Depot  
  70  6:04  Supply Depot, Siege Tank  
  73  6:06  SCV  
  73  6:14  SCV, Marine  
  68  6:25  Barracks  
  68  6:26  Viking x2, Barracks  
  68  6:30  SCV x2  
  74  6:35  Orbital Command  
  74  6:36  Siege Tank, Marine  
  77  6:47  SCV x2  
  79  6:56  Viking  
  79  6:57  Orbital Command  
  79  6:59  SCV, Marine  
  85  7:05  SCV  
  87  7:08  Liberator  
  87  7:11  SCV  
  87  7:14  Engineering Bay  
  86  7:17  SCV, Engineering Bay, Barracks Reactor  
  86  7:19  Barracks Reactor  
  87  7:23  SCV  
  87  7:29  SCV x2  
  90  7:30  Marine  
  90  7:35  SCV  
  95  7:41  SCV x2  

Tags
 
Add a new tag
Caveats
  • Supply blocks, unpowered buildings, or Contaminate may cause inaccurate times.
  • Supply counts are checked every 10 seconds.